 Dungeon Crawl Stone Soup version 0.27.1-33-g824d729ab1 (webtiles) character file.

Game seed: 2907264373988247986

71 jlumianski the Skirmisher (level 4, 0/29 HPs)
             Began as a Gargoyle Monk on Dec 19, 2021.
             Slain by Ijyb (3 damage)
             ... on level 3 of the Dungeon.
             The game lasted 00:06:31 (1923 turns).

jlumianski the Skirmisher (Gargoyle Monk)           Turns: 1923, Time: 00:06:32

Health: 0/29       AC:  6    Str: 16    XL:     4   Next: 24%
Magic:  4/4        EV: 12    Int: 10    God:
Gold:   90         SH:  0    Dex: 12    Spells: 3/3 levels left

rFire    . . .     SeeInvis .   e - +2 dagger (vamp)
rCold    . . .     Faith    .   (no shield)
rNeg     + . .     Spirit   .   g - +0 leather armour
rPois    ∞         Reflect  .   (no helmet)
rElec    +         Harm     .   (no cloak)
rCorr    .         Rampage  .   (no gloves)
Will     .....                  (no boots)
Stlth    ++........             (no amulet)
HPRegen  0.09/turn              (no ring)
MPRegen  0.09/turn              (no ring)

@: no status effects
A: sickness immunity, AC +3, negative energy resistance 1, electricity
resistance, torment resistance 1, petrification resistance
a: no special abilities


You were on level 3 of the Dungeon.
You visited 1 branch of the dungeon, and saw 4 of its levels.

You collected 90 gold pieces.

Inventory:

Hand Weapons
 a - a +0 hand axe
 e - a +2 vampiric dagger (weapon)
 i - a +2 vampiric dagger
 j - a +0 hunting sling
Missiles
 c - 58 stones (quivered)
 m - 29 bolts
Armour
 b - a +0 robe
 g - a +0 leather armour (worn)
Scrolls
 h - a scroll of enchant weapon {unknown}
 k - 2 scrolls of identify {unknown}
 l - a scroll of fog {unknown}
 n - a scroll of magic mapping {unknown}
Potions
 d - a potion of heal wounds {unknown}
 f - a potion of curing {unknown}


   Skills:
 + Level 3.8 Fighting
 + Level 1.3 Short Blades
 + Level 3.0 Axes
 + Level 1.1 Armour
 + Level 2.8 Dodging
 + Level 2.6 Stealth


You had 3 spell levels left.
You didn't know any spells.
Your spell library contained the following spells:

 Spells                   Type           Power      Damage    Failure   Level
 Gell's Gravitas          Tloc           0%         N/A       80%         3
 Teleport Other           Tloc           0%         N/A       80%         3
 Dispersal                Tloc           0%         N/A       100%        6


Dungeon Overview and Level Annotations

Branches:
Dungeon (4/15)
 Temple: D:4-7

Altars:

Annotations:
D:2 Sigmund, Terence
D:3 Ijyb


Innate Abilities, Weirdness & Mutations

You are immune to sickness and miasma.
Your stone body is resilient. (AC +3)
You are immune to poison.
You resist negative energy. (rN+)
You are resistant to electric shocks. (rElec)
You are resistant to unholy torment.
You are immune to petrification.


Message History

There is a stone staircase leading down here.
You open the door.
There is a stone staircase leading down here.
Found a scroll labelled ZIMUBA SUSS.
Found a club.
n - a scroll labelled ZIMUBA SUSS Ijyb the Twisted Goblin comes into view.
She is wielding a +0 club and carrying a wand of flame (15).
Ijyb shouts!
Ijyb zaps a wand.
The puff of flame hits you!
You hit Ijyb.
Ijyb is lightly wounded.
You barely miss Ijyb.
Ijyb is lightly wounded.
Ijyb zaps a wand.
The puff of flame hits you.
You hit Ijyb but do no damage.
Ijyb is lightly wounded.
Ijyb zaps a wand.
The puff of flame hits you.
You hit Ijyb but do no damage.
Ijyb is lightly wounded.
Ijyb zaps a wand.
The puff of flame hits you!
* * * LOW HITPOINT WARNING * * *
You closely miss Ijyb.
Ijyb is lightly wounded.
Ijyb barely misses you.
You aren't carrying any items that you can evoke.
Unknown command.
Unknown command.
You closely miss Ijyb.
Ijyb is lightly wounded.
Ijyb hits you with a +0 club.
* * * LOW HITPOINT WARNING * * *
You hit Ijyb but do no damage.
Ijyb is lightly wounded.
Ijyb screams, "Me stronger than you!" Ijyb hits you with a +0 club.
* * * LOW HITPOINT WARNING * * *
You hit Ijyb but do no damage.
Ijyb is lightly wounded.
Ijyb hits you with a +0 club.
You die...

......## #...#
#.#..#######
...##.### #...#
#.#....#...#
.#......# #...#
#.##.#.#.#.#
.#..#.#.###...#
#....#...#.#####
....#.#.......#
#######........#
....#.#######.#######
#.######.# #####.##
#...#...# #.# #
#....# ###.#g#.# #.#
###....#
#.@.#.####.#######.
.......#
######.##...........
###....#
#....#.##.###.#.###.
# #....# #<...#.##.#
#.#.# # #....#
###.##.##.###.#.# #
#....#
#...........#.. #
#....#
####.#..####### #
###### ####.....# #
#.###.#


You could see Ijyb.

Vanquished Creatures
  Natasha (D:1)
  2 dart slugs
  3 bats
  3 giant cockroaches
  4 goblins
  5 hobgoblins
  3 quokkas
  9 ball pythons
  4 frilled lizards
  4 kobolds
  3 rats (D:1)
41 creatures vanquished.

Notes
Turn   | Place    | Note
-------+----------+-------------------------------------------
     0 | D:1      | jlumianski the Gargoyle Monk began the quest for the Orb.
     0 | D:1      | Reached XP level 1. HP: 14/14 MP: 1/1
     4 | D:1      | Noticed an electric eel
   252 | D:1      | Reached XP level 2. HP: 17/19 MP: 2/2
   270 | D:1      | Found a faded altar of an unknown god.
   669 | D:1      | Reached XP level 3. HP: 20/24 MP: 3/3
   888 | D:2      | Noticed Natasha
  1165 | D:1      | Killed Natasha
  1166 | D:1      | Reached skill level 1 in Short Blades
  1166 | D:1      | Reached skill level 1 in Armour
  1166 | D:1      | Reached XP level 4. HP: 20/29 MP: 4/4
  1431 | D:2      | Noticed Sigmund
  1530 | D:2      | Noticed Terence
  1915 | D:3      | Noticed Ijyb
  1923 | D:3      | Slain by Ijyb

Illustrated notes

Levels and vault maps discovered:
D:1:      arrival_aquarium_a, layout_loops_ring,
          ebering_ecumenical_altar_sacrificial, minmay_close_crescents
D:2:      layout_loops_ring, basic_altar, cheibrodos_gnoll_hut, uniq_natasha,
          uniq_terence, uniq_sigmund
D:3:      layout_basic, minmay_misc_feat_cross, ebering_dispersal_statue_hall,
          uniq_ijyb
D:4:      layout_basic, kennysheep_mini_moat, minmay_misc_feat_more_columns,
          uniq_menkaure

Skill      XL: |  1  2  3 |
---------------+----------+-----
Axes           | 3 |  3.0
Short Blades   | 1 |  1.3
Armour         | 1 |  1.1
Fighting       | |  3.8
Dodging        | |  2.8
Stealth        | |  2.6

Action                   |  1- 3 |  4- 6 || total
-------------------------+-------+-------++-------
Melee: Dagger            |    94 |    43 ||   137
       Hand axe          |     4 |       ||     4
 Fire: Hunting sling     |     2 |       ||     2
 Stab: Sleeping          |     4 |     1 ||     5
       Distracted        |       |     1 ||     1
Armor: Robe              |     9 |       ||     9
       Leather armour    |    19 |     8 ||    27
Dodge: Dodged            |    53 |    30 ||    83
